 Dungeon Crawl Stone Soup version 0.31-a0-174-g85c54bcb58 (webtiles) character file.

Game seed: 2357812146100756090

421 ytrimaz the Grave Robber (level 6, 0/41 HPs)
             Began as a Mummy Necromancer on June 15, 2023.
             Slain by a steam dragon (2 damage)
             ... on level 4 of the Dungeon.
             The game lasted 00:05:52 (4161 turns).

ytrimaz the Grave Robber (Mummy Necromancer)        Turns: 4161, Time: 00:05:52

Health: 0/41       AC:  3    Str: 11    XL:     6   Next: 62%
Magic:  1/14       EV: 12    Int: 23    God:
Gold:   189        SH:  0    Dex: 12    Spells: 2/15 levels left

rFire   x . .        (no weapon)
rCold   + . .        (no shield)
rNeg    + + +        a - +0 robe rPois โˆž
                     i - +0 helmet
rElec   .            (no cloak)
rCorr   .            (no gloves)
SInv    +            (no boots)
Will    .....        (no amulet)
Stlth   ++           d - ring of see invisible
HPRegen 0.26/turn    h - +6 ring of intelligence
MPRegen 0.14/turn

%: faith
@: about to teleport
A: cold resistance 1, negative energy resistance 3, torment resistance 2, heat
vulnerability 1, in touch with death 1, no potions, faith
a: no special abilities


You were on level 4 of the Dungeon.
You visited 1 branch of the dungeon, and saw 4 of its levels.
You also visited: Sewer.

You collected 189 gold pieces.


Innate Abilities, Weirdness & Mutations

You are immune to poison.
Your flesh is cold resistant. (rC+)
You are immune to negative energy. (rN+++)
You are immune to unholy pain and torment.
You are vulnerable to heat. (rF-)
You are in touch with the powers of death.
You do not drink.
You have a special connection with the divine. (Faith)


   Skills:
 - Level 1.5 Dodging
 - Level 1.5 Stealth
 + Level 5.4 Spellcasting
 * Level 6.9 Necromancy


You had 2 spell levels left.
You knew the following spells:

 Your Spells              Type           Power      Damage    Failure   Level
a - Necrotise             Necr           100%       1d9       1%          1
b - Vampiric Draining     Necr           55%        2d9       1%          3
c - Animate Dead          Necr           55%        N/A       4%          4
d - Agony                 Necr           55%        N/A       14%         5

Your spell library contained the following spells:

 Spells                   Type           Power      Damage    Failure   Level


Inventory:

Armour
 a - a +0 robe (worn)
 i - a +0 helmet (worn)
   (You found it on level 2 of the Dungeon)
Jewellery
 d - a ring of see invisible (left hand)
   (You found it on level 1 of the Dungeon)
 f - a ring of protection from cold
   (You found it on level 3 of the Dungeon)
 h - a +6 ring of intelligence (right hand)
   (You found it on level 2 of the Dungeon)
Scrolls
 b - a scroll of immolation
 c - 2 scrolls of identify
 e - a scroll of teleportation
 g - a scroll of poison

Dungeon Overview and Level Annotations

Branches:
Dungeon (4/15) Zot: 20355   Sewer (visited)
 Temple: D:4-7

Altars:
Nemelex Xobeh

Shops:
D:3

(
.....#......#....##..######
.....##...###...###.###
.....##.....###.......#
.....#......###.......#.
.....#......#.............
.....#........######..####
.#...#.......## ###
.....#.......# ###
...>...##....# #@##
##...####....# ##D#
.#...#######.#.#.##
.#...'.......##wo.#
.....#####....###'# ....##
#.......ยง..######
#...####...#...oยง##8)$8#
...........#.....#8....8
...........#...ยง.'......


You could see a steam dragon.


Message History

You see here a +0 club. ๐Ÿ˜ฎ HP[+1]
You are too injured to fight recklessly!
Unknown command.
Aiming: Necrotise (safe; 1% risk of failure)
Press: ? - help, Q - select action, (/) - cycle Shift-Dir - straight line, f/p - adder
Aim: an adder (almost dead, chance to affect: 88%)
You feel a surge of power!
The adder barely resists.
The adder bites you. ๐Ÿ˜ฎ HP[-1] MP[-1]
You take 1 damage, and now have 23/41 hp.
You lost 1 mp, and now have 10/14 mp.
Unknown command.
Aiming: Necrotise (safe; 1% risk of failure)
Press: ? - help, Q - select action, (/) - cycle Shift-Dir - straight line, f/p - adder
Aim: an adder (almost dead, chance to affect: 88%)
You feel a surge of power!
The adder writhes in agony.
You kill the adder!
The dead are slithering! ๐Ÿ˜ฎ MP[-1]
You lost 1 mp, and now have 9/14 mp.
Unknown command.
Unknown command.
Something bites your adder skeleton. ๐Ÿ˜ฎ HP[+1] Unknown command.
Something bites your adder skeleton. ๐Ÿ˜ฎ MP[+1]
Something bites your adder skeleton.
Unknown command.
Something bites your adder skeleton. ๐Ÿ˜ฎ HP[+1]
Something bites your adder skeleton. Something bites your adder skeleton.
Your adder skeleton is destroyed! ๐Ÿ˜ฎ HP[+1]
Casting: Necrotise (safe; 1% risk of failure)
Confirm with . or Enter, or press ? or * to list all spells.
Aiming: Vampiric Draining (safe; 1% risk of failure)
Press: ? - help, Shift-Dir - straight line, f - dart slug
Aim: a dart slug You feel a surge of power!
You draw life force from the dart slug.
You feel life coursing into your body. ๐Ÿ˜ฎ HP[+2] MP[-2]
You regained 2 hp, and now have 28/41 hp.
You lost 2 mp, and now have 8/14 mp.
Aiming: Necrotise (safe; 1% risk of failure)
Press: ? - help, Q - select action, (/) - cycle Shift-Dir - straight line, f/p - dart slug
Aim: a dart slug (heavily wounded, chance to affect: 93%)
You feel a surge of power!
The dart slug writhes in agony!
You kill the dart slug! ๐Ÿ˜ฎ MP[-1]
You lost 1 mp, and now have 7/14 mp.
Unknown command.
Casting: Necrotise (safe; 1% risk of failure)
Confirm with . or Enter, or press ? or * to list all spells.
Aiming: Vampiric Draining (safe; 1% risk of failure)
Press: ? - help, Shift-Dir - straight line, f - steam dragon
Aim: a steam dragon You feel a surge of power!
You draw life force from the steam dragon!
You feel life coursing into your body. The steam dragon breathes steam at you.
The ball of steam misses you.
You hear an angry hiss. ๐Ÿ˜• HP[+6] MP[-3]
You regained 6 hp, and now have 34/41 hp.
You lost 3 mp, and now have 4/14 mp.
Casting: Vampiric Draining (safe; 1% risk of failure)
Confirm with . or Enter, or press ? or * to list all spells.
Aiming: Vampiric Draining (safe; 1% risk of failure)
Press: ? - help, Shift-Dir - straight line, f/p - steam dragon
Aim: a steam dragon (heavily wounded, catching its breath)
You feel a surge of power!
You draw life force from the steam dragon!
You feel life coursing into your body.
You are engulfed in a cloud of scalding steam.
The steam dragon barely misses you.
The steam dragon claws you. ๐Ÿ˜ฎ HP[-13] MP[-3]
You take 13 damage, and now have 21/41 hp.
MASSIVE DAMAGE!! (PAUSE)
You lost 3 mp, and now have 1/14 mp.
Unknown command.
Okay, then.
Unknown command.
Okay, then.
As you read the scroll of teleportation, it crumbles to dust.
You feel strangely unstable.
You are engulfed in a cloud of scalding steam.
* * * LOW HITPOINT WARNING * * *
The steam dragon completely misses you.
The steam dragon misses you. ๐Ÿ˜จ HP[-10]
You take 10 damage, and now have 11/41 hp.
MASSIVE DAMAGE!! (PAUSE) Unknown command.
Unknown command.
You are engulfed in a cloud of scalding steam.
* * * LOW HITPOINT WARNING * * *
The steam dragon barely misses you. The steam dragon claws you.
You die...

Skill      XL: |  1  2  3  4  5 |
---------------+----------------+-----
Spellcasting   | 3 4 5 |  5.4
Necromancy     | 5 6 |  6.9
Dodging        | |  1.5
Stealth        | |  1.5

Action                     |  1- 3 |  4- 6 || total
---------------------------+-------+-------++-------
  Melee: Unarmed           |    10 |     4 ||    14
   Cast: Necrotise         |    74 |   100 ||   174
         Vampiric Draining |       |     7 ||     7
    Use: Scroll            |       |     6 ||     6
 Armour: Robe              |     4 |    10 ||    14
  Dodge: Dodged            |    19 |    29 ||    48

Levels and vault maps discovered:
D:1:      spicycebolla_arrival_xxxplode, layout_loops_cross
D:2:      layout_rooms
D:3:      layout_loops_corners, serial_shops, nicolae_shop_rolling_square,
          portal_sewer_entry_a
D:4:      layout_basic, mainiacjoe_overflow_six_doors_small, tso_altar,
          mainiacjoe_overflow_large_starburst, minmay_hollow_rounded_squares,
          uniq_sigmund

Notes
Turn   | Place    | Note
-------+----------+-------------------------------------------
     0 | D:1      | ytrimaz the Mummy Necromancer began the quest for the Orb.
     0 | D:1      | Reached XP level 1. HP: 13/13 MP: 4/4
     0 | D:1      | magus.rc [v1.9.6]
   331 | D:1      | Reached skill level 3 in Spellcasting
   368 | D:1      | Reached XP level 2. HP: 19/19 MP: 4/6
   835 | D:1      | Gained mutation: You are in touch with the powers of death.
                  | [Mummy growth]
   835 | D:1      | Reached XP level 3. HP: 24/24 MP: 5/7
   839 | D:1      | Learned a level 3 spell: Vampiric Draining
  1345 | D:2      | Reached skill level 5 in Necromancy
  1521 | D:2      | Reached XP level 4. HP: 30/30 MP: 7/9
  2332 | D:3      | Learned a level 4 spell: Animate Dead
  2335 | D:3      | Found a glowing drain.
  2344 | D:3      | Reached skill level 4 in Spellcasting
  2349 | Sewer    | Entered a sewer
  2568 | Sewer    | Reached XP level 5. HP: 34/35 MP: 2/11
  2949 | D:3      | Found Nahoaned's Weapon Shop.
  3544 | D:4      | Found a sparkling altar of Nemelex Xobeh.
  3655 | D:4      | Reached skill level 6 in Necromancy
  3674 | D:4      | Noticed Sigmund
  3678 | D:4      | Killed Sigmund
  3679 | D:4      | Reached skill level 5 in Spellcasting
  3679 | D:4      | Reached XP level 6. HP: 40/41 MP: 2/13
  3685 | D:4      | Learned a level 5 spell: Agony
  3993 | D:4      | Identified the +6 mace of Bloodstone {holy, Dex+5}
  4121 | D:4      | Found a large runed translucent door.
  4121 | D:4      | Found a large runed translucent door.
  4124 | D:4      | Noticed a steam dragon
  4161 | D:4      | HP: 2/41 [steam dragon] (9)]
  4161 | D:4      | Slain by a steam dragon

Vanquished Creatures
  Sigmund (D:4)
  A hound (D:4)
  An iguana (D:4)
  3 gnolls (D:4)
  7 adders
  2 river rats (Sewer)
  3 dart slugs
  An orc (D:3)
  9 ball pythons
  9 endoplasms
  6 giant cockroaches
  4 goblins
  3 hobgoblins (D:1)
  4 jackals (D:3)
  7 quokkas
  5 bats
  11 frilled lizards
  11 kobolds
  10 rats
98 creatures vanquished.

Vanquished Creatures (collateral kills)
  A goblin (D:1)
  A kobold (D:4)
  A quokka (D:1)
  A rat (D:2)
4 creatures vanquished.

Grand Total: 102 creatures vanquished

Table legend:
 A = Non-vault XP
 B = Vault XP
 C = Vault XP percentage of total XP
 D = Non-vault monster count
 E = Vault monster count
 F = Vault count percentage of total count
                 A         B        C        D         E       F
            +---------+---------+-------+---------+---------+-------
      Total |     283 |     319 |  53.0 |      82 |      20 |  19.6
            +---------+---------+-------+---------+---------+-------
        D:1 |      50 |       0 |   0.0 |      28 |       0 |   0.0
        D:2 |      59 |       0 |   0.0 |      24 |       0 |   0.0
        D:3 |      36 |       4 |  10.0 |      15 |       3 |  16.7
        D:4 |     138 |     240 |  63.5 |      15 |       3 |  16.7
      Sewer |       0 |      75 | 100.0 |       0 |      14 | 100.0
            +---------+---------+-------+---------+---------+-------

Skill      XL: |  1  2  3  4  5 |
---------------+----------------+-----
Spellcasting   | 3 4 5 |  5.4
Necromancy     | 5 6 |  6.9
Dodging        | |  1.5
Stealth        | |  1.5

Action                     |  1- 3 |  4- 6 || total
---------------------------+-------+-------++-------
  Melee: Unarmed           |    10 |     4 ||    14
   Cast: Necrotise         |    74 |   100 ||   174
         Vampiric Draining |       |     7 ||     7
    Use: Scroll            |       |     6 ||     6
 Armour: Robe              |     4 |    10 ||    14
  Dodge: Dodged            |    19 |    29 ||    48

Illustrated notes

Table legend:
 A = Kills in this place as a percentage of kills in the entire game.
 B = Kills by you in this place as a percentage of kills by you in the entire game.
 C = Kills by friends in this place as a percentage of kills by friends in the entire game.
 D = Other kills in this place as a percentage of other kills in the entire game.
 E = Experience gained in this place as a percentage of experience gained in the entire game.
 F = Experience gained in this place divided by the number of levels of this place that you have seen.
                   A       B       C       D       E      F
               +-------+-------+-------+-------+-------+----------------------
         Total | 100.0 | 100.0 | 100.0 |   N/A | 100.0 | 120.4
       Dungeon |  86.3 |  85.7 | 100.0 |   N/A |  87.5 | 131.8
         Sewer |  13.7 |  14.3 |   0.0 |   N/A |  12.5 |  75.0
               +-------+-------+-------+-------+-------+----------------------

Table legend: (Time is in decaauts)
 A = Elapsed time spent in this place.
 B = Non-inter-level travel time spent in this place.
 C = Inter-level travel time spent in this place.
 D = Time resting spent in this place.
 E = Time spent auto-exploring this place.
 F = Levels seen in this place.
 G = Mean time per level.
                   A        B        C        D        E       F      G
               +--------+--------+--------+--------+--------+-----+--------+
         Total |   4221 |   4130 |     91 |    119 |   3330 |   5 |  844.2 |
       Dungeon |   3643 |   3552 |     91 |     80 |   2893 |   4 |  910.8 |
         Sewer |    577 |    577 |      0 |     39 |    437 |   1 |  577.0 |
               +--------+--------+--------+--------+--------+-----+--------+

Top non-repeatable levels by time:
     D:1: 1199 daAuts
     D:3: 974 daAuts
     D:2: 850 daAuts
     D:4: 618 daAuts
   Sewer: 577 daAuts
